 Seeded DCSS version 0.29.1-2-gbd0b4ee654 (webtiles) character file.

Game seed: 2813356946425061351 (custom seed)

152 Nerdsrcool the Sneak (level 5, -1/32 HPs)
             Began as a Kobold Brigand on Oct 27, 2022.
             Was an Initiate of Nemelex Xobeh.
             Slain by Grinder (6 damage)
             ... while paralysed by Grinder
             ... on level 4 of the Dungeon.
             The game lasted 00:21:53 (3783 turns).

Nerdsrcool the Sneak (Kobold Brigand)               Turns: 3783, Time: 00:21:54

Health: -1/32      AC:  5    Str:  8    XL:     5   Next: 60%
Magic:  5/5        EV:  3    Int: 12    God:    Nemelex Xobeh [......]
Gold:   164        SH:  0    Dex: 25    Spells: 4/4 levels left

rFire   x . .      SeeInvis .   a - +2 dagger (vorpal)
rCold   + . .      Faith    .   (no shield)
rNeg    . . .      Spirit   .   r - +0 leather armour
rPois   .          Reflect  .   y - +0 helmet
rElec   .          Harm     .   c - +0 cloak
rCorr   .          Rampage  .   (no gloves)
Will    .....                   (no boots)
Stlth   +++++.....              (no amulet)
HPRegen 0.10/turn               f - +6 ring of dexterity
MPRegen 0.09/turn               j - ring of ice

@: paralysed
A: small, no large weapons, nightstalker 3
a: Renounce Religion, Draw Escape, Draw Destruction, Draw Summoning


You were on level 4 of the Dungeon.
You worshipped Nemelex Xobeh.
Nemelex Xobeh was noncommittal.
You visited 1 branch of the dungeon, and saw 4 of its levels.

You collected 164 gold pieces.

Inventory:

Hand Weapons
 a - a +2 vorpal dagger (weapon)
Missiles
 d - 11 poisoned darts
 e - a curare-tipped dart
 g - 9 stones
 s - 4 boomerangs (quivered)
 B - 4 javelins
Armour
 c - a +0 cloak (worn)
 r - a +0 leather armour (worn)
 u - a +0 chain mail
 y - a +0 helmet (worn)
Magical Staves
 h - a staff of death
Jewellery
 f - a +6 ring of dexterity (left hand)
 j - a ring of ice (right hand)
 o - a ring of magical power
 A - a ring of fire
Wands
 n - a wand of digging (5)
Scrolls
 b - 3 scrolls of butterflies {unknown}
 i - 2 scrolls of teleportation {unknown}
 q - a scroll of poison {unknown}
 x - a scroll of blinking {unknown}
 z - a scroll of silence {unknown}
 C - a scroll of identify
Potions
 k - a potion of mutation {unknown}
 l - 2 potions of brilliance
 m - a potion of degeneration {unknown}
 p - a potion of might {unknown}
 t - 4 potions of curing
 v - 2 potions of heal wounds {unknown}
 w - a potion of lignification {unknown}


   Skills:
 + Level 3.1 Fighting
 + Level 3.6 Short Blades
 + Level 3.1 Throwing
 + Level 2.4 Dodging
 + Level 6.9 Stealth


You had 4 spell levels left.
You didn't know any spells.
Your spell library was empty.

Dungeon Overview and Level Annotations

Branches:
Dungeon (4/15)             Temple (0/1) D:4

Altars:
Gozag
Kikubaaqudgha
Nemelex Xobeh
Qazlal
Zin

Annotations:
D:3 1 runed translucent door, Crazy Yiuf
D:4 Grinder


Innate Abilities, Weirdness & Mutations

You are small and have problems with some larger weapons.
You are completely attuned to the shadows.


Message History

The worm is heavily wounded.
The worm bites you.
You hit the worm.
The worm is heavily wounded.
You hit the worm.
The worm is almost dead.
Grinder blinks!
The endoplasm completely misses you. The worm bites you!
You hit the worm but do no damage.
The worm is severely wounded.
The endoplasm freezes you.
You are frozen.
You resist.
You hit the worm.
The worm is almost dead.
The endoplasm freezes you.
You are frozen.
You resist.
You hit the worm.
You kill the worm!
The endoplasm hits you but does no damage.
Grinder blinks!
Grinder blinks!
You open the door. The endoplasm freezes you.
You are frozen.
You resist.
Found a robe.
Grinder blinks!
There is an open door here.
You hit the endoplasm.
The endoplasm is severely wounded.
You barely miss the endoplasm.
The endoplasm is severely wounded.
The endoplasm freezes you.
You are frozen.
You resist.
You hit the endoplasm.
You kill the endoplasm!
Grinder gestures at you.
You suddenly lose the ability to move!
Grinder hits you!
* * * LOW HITPOINT WARNING * * *
You writhe in agony.
You die...
Your body disappears without a glow.

# ### #(. ..#
#.. #.#
#..#####
#.### #
#.......
#...# #.#...#
#.#.#
##.#...#
#.#.#
#......#
#.#.#
..#.#@##
#.#.#
######.5....#
#.#
#..........[#
#.#
#...###.....#
#.# #...#
#.....# #.#
###...# #.##
#.# #.....###
.# #.#
#........ #.#
#..#.#+###


You could see Grinder.

Vanquished Creatures
  Robin (D:3)
  A gnoll (D:2)
  5 adders
  3 worms
  4 dart slugs
  3 orcs (D:3)
  6 ball pythons
  7 endoplasms
  A giant cockroach (D:1)
  9 goblins (D:3)
  3 hobgoblins
  3 jackals (D:3)
  4 kobolds
  A quokka (D:2)
  7 bats
  3 frilled lizards
  9 rats
70 creatures vanquished.

Notes
Turn   | Place    | Note
-------+----------+-------------------------------------------
     0 | D:1      | Nerdsrcool the Kobold Brigand began the quest for the Orb.
     0 | D:1      | Reached XP level 1. HP: 12/12 MP: 1/1
   132 | D:1      | Reached XP level 2. HP: 17/17 MP: 2/2
   204 | D:1      | Reached skill level 6 in Stealth
   511 | D:1      | Found a faded altar of an unknown god.
   932 | D:1      | Reached XP level 3. HP: 16/21 MP: 3/3
  1957 | D:2      | Reached XP level 4. HP: 27/27 MP: 4/4
  2778 | D:3      | Found a stormy altar of Qazlal.
  2945 | D:3      | Found a runed translucent door.
  2948 | D:3      | Noticed Crazy Yiuf
  3038 | D:3      | Reached XP level 5. HP: 32/32 MP: 5/5
  3044 | D:3      | Noticed Robin
  3068 | D:3      | Killed Robin
  3582 | D:3      | Found a sparkling altar of Nemelex Xobeh.
  3582 | D:3      | Found an opulent altar of Gozag.
  3586 | D:3      | Found a glowing silver altar of Zin.
  3586 | D:3      | Found an ancient bone altar of Kikubaaqudgha.
  3619 | D:3      | Became a worshipper of Nemelex Xobeh the Trickster
  3730 | D:4      | Found a staircase to the Ecumenical Temple.
  3760 | D:4      | Noticed Grinder
  3780 | D:4      | Paralysed by Grinder for 5 turns
  3783 | D:4      | Slain by Grinder

Illustrated notes

Levels and vault maps discovered:
D:1:      ncdulo_watergridlock, layout_basic, chequers_ecumenical_altar_grove
D:2:      layout_basic, st_stairs_10
D:3:      layout_loops_ring, nicolae_overflow_hidden_temple,
          minmay_misc_feat_enclosed, chequers_avenue, grunt_ministairs_8,
          uniq_crazy_yiuf_cottage, uniq_robin
D:4:      black_bear_nest_2, layout_basic, mainiacjoe_overflow_catwalk_spiral,
          old_standard_altar, minmay_temple_entry_metal_lava, uniq_grinder

Skill      XL: |  1  2  3  4  5 |
---------------+----------------+-----
Stealth        | 6 |  6.9
Short Blades   | 3 |  3.6
Dodging        | 2 |  2.4
Fighting       | 3 |  3.1
Throwing       | 3 |  3.1

Action                   |  1- 3 |  4- 6 || total
-------------------------+-------+-------++-------
Melee: Dagger            |    61 |    61 ||   122
       Punch             |     1 |       ||     1
Throw: Dart              |    37 |     2 ||    39
       Stone             |    10 |       ||    10
       Boomerang         |     9 |    51 ||    60
Evoke: Wand              |       |     1 ||     1
  Use: Scroll            |       |     6 ||     6
Armor: Robe              |     3 |       ||     3
       Leather armour    |     4 |    13 ||    17
Dodge: Dodged            |    29 |    37 ||    66
